 Seeded DCSS version 0.30-a0-953-g5f1da4a474 (webtiles) character file.

Game seed: 3125986916090331667 (custom seed)

3 Parcival the Sneak (level 1, 16/16 HPs)
             Began as a Vampire Brigand on Mar 28, 2023.
             Quit the game on level 1 of the Dungeon.
             The game lasted 00:00:19 (65 turns).

Parcival the Sneak (Vampire Brigand)                  Turns: 65, Time: 00:00:20

Health: 16/16      AC:  3    Str: 10    XL:     1   Next: 41%
Magic:  1/1        EV: 12    Int: 13    God:
Gold:   0          SH:  0    Dex: 15    Spells: 0/0 levels left

rFire   . . .      SeeInvis +    a - +2 dagger
rCold   . . .      Faith    .    (no shield)
rNeg    . . .      Spirit   .    b - +0 robe
rPois   .          Reflect  .    (no helmet)
rElec   .          Rampage  .    c - +0 cloak
rCorr   .                        (no gloves)
Will    .....                    (no boots)
Stlth   +++                      (no amulet)
HPRegen 0.42/turn                (no ring)
MPRegen 0.07/turn                (no ring)

@: healing quickly
A: alive, fangs 3, see invisible, vampiric 1
a: Exsanguinate


You were on level 1 of the Dungeon.
You visited 1 branch of the dungeon, and saw 1 of its levels.

Inventory:

Hand Weapons
 a - a +2 dagger (weapon)
Missiles
 d - 9 poisoned darts (quivered)
 e - 3 curare-tipped darts
Armour
 b - a +0 robe (worn)
 c - a +0 cloak (worn)
Scrolls
 f - a scroll of acquirement


   Skills:
 + Level 1.7 Fighting
 + Level 2.1 Short Blades
 + Level 1.5 Throwing
 + Level 1.1 Dodging
 + Level 6.2 Stealth


You couldn't memorise any spells.
You didn't know any spells.
Your spell library was empty.

Dungeon Overview and Level Annotations

Branches:
Dungeon (1/15)

Altars:


Innate Abilities, Weirdness & Mutations

Your natural rate of healing is accelerated.
You have razor-sharp teeth.
You have supernaturally acute eyesight. (SInv)
You are afflicted with vampirism.


Message History

You kill the goblin!
The endoplasm freezes you.
You are frozen.
The endoplasm freezes you.
You are frozen.
Things that are here:
a +0 dagger; a goblin corpse The endoplasm freezes you.
You are frozen.
You hit the endoplasm.
The endoplasm is heavily wounded.
A goblin comes into view. It is wielding a +0 club.
The endoplasm freezes you.
You are frozen.
* * * LOW HITPOINT WARNING * * *
You hit the endoplasm.
You kill the endoplasm!
Your Stealth skill increases to level 6!
The goblin barely misses you. The goblin barely misses you.
You hit the goblin.
The goblin is heavily wounded.
The goblin hits you with a +0 club.
* * * LOW HITPOINT WARNING * * *
You closely miss the goblin.
The goblin is heavily wounded.
The goblin hits you but does no damage.
You barely miss the goblin.
The goblin is heavily wounded.
The goblin misses you.
You hit the goblin.
You kill the goblin!
Items here: )) ††.
HP restored.
A ball python comes into view.
You aren't carrying any scrolls.
f - a scroll labelled ROKLIF FIDEHY This is a scroll of acquirement!
Unknown command.
Are you sure you want to abandon this character and quit the game? (Confirm with "yes".)

.#.###### #
........# #.#
###@####..+.
#.........#~
#.......#.#~
..###....#....##
.........>.....#
..###.#.........
#.).....###
#......##
####.###


There were no monsters in sight!

Vanquished Creatures
  An endoplasm (D:1)
  2 goblins (D:1)
3 creatures vanquished.

Notes
Turn   | Place    | Note
-------+----------+-------------------------------------------
     0 | D:1      | Parcival the Vampire Brigand began the quest for the Orb.
     0 | D:1      | Reached XP level 1. HP: 16/16 MP: 1/1
    21 | D:1      | Reached skill level 6 in Stealth
    65 | D:1      | Identified a scroll of acquirement
    65 | D:1      | Quit the game

Illustrated notes

Levels and vault maps discovered:
D:1:      amcnicky_arrival_single_pillar, layout_loops_cross,
          hangedman_glass_garden

Skill      XL: |  1 |
---------------+----+-----
Stealth        | 6 |  6.2
Fighting       | |  1.7
Short Blades   | |  2.1
Throwing       | |  1.5
Dodging        | |  1.1

Action                     || total
---------------------------++-------
  Melee: Dagger            ||    10
         Bite              ||     1
 Armour: Robe              ||     2
  Dodge: Dodged            ||     7

Table legend: (Time is in decaauts)
 A = Elapsed time spent in this place.
 B = Non-inter-level travel time spent in this place.
 C = Inter-level travel time spent in this place.
 D = Time resting spent in this place.
 E = Time spent auto-exploring this place.
 F = Levels seen in this place.
 G = Mean time per level.
                   A        B        C        D        E       F      G
               +--------+--------+--------+--------+--------+-----+--------+
         Total |     64 |     64 |      0 |      0 |     31 |   1 |   64.0 |
       Dungeon |     64 |     64 |      0 |      0 |     31 |   1 |   64.0 |
               +--------+--------+--------+--------+--------+-----+--------+

Top non-repeatable levels by time:
     D:1: 64 daAuts
